Map: 10000 Feet LE

Players

Vindicta - Winner!

  • Race: Terran Terran
  • League: Master
  • Spawn Location: 5:00

Spectre

  • Race: Protoss Protoss
  • League: Master
  • Spawn Location: 11:00

VOD

Have the link to the VOD?

Description

Defensive build
reaper expand --> 1-1-1 + tank + raven --> 3 rax --> 3rd base

Time

  • Played on: Jan. 11, 2026, 3:56 p.m.
  • Length: 14:02
Show
View Real Time Build Order
Export as new Build Order

Vindicta Terran - Winner!

Build Orders: Reaper Expand 

Get SALT Encoding   

  12  0:00  SCV  
  13  0:12  SCV  
  14  0:17  Supply Depot  
  14  0:24  SCV  
  15  0:38  SCV  
  15  0:39  Barracks  
  16  0:44  Refinery  
  16  0:50  SCV  
  17  1:03  SCV  
  18  1:15  SCV  
  19  1:30  Reaper, Orbital Command  
  20  1:42  Command Center  
  20  1:51  Supply Depot  
  20  1:56  SCV  
  21  2:02  Marine  
  22  2:09  SCV, Factory  
  23  2:19  Bunker, Marine  
  24  2:23  SCV  
  24  2:27  Refinery  
  25  2:35  SCV  
  26  2:38  Barracks Reactor  
  26  2:47  SCV  
  27  2:54  Hellion  
  27  2:57  Starport  
  29  2:58  Orbital Command  
  29  3:02  SCV  
  29  3:14  SCV  
  29  3:15  Marine x2  
  29  3:17  Factory Tech Lab  
  29  3:18  Supply Depot  
  32  3:24  SCV  
  32  3:26  SCV  
  34  3:34  Starport Tech Lab  
  34  3:36  SCV, Siege Tank  
  34  3:38  SCV  
  34  3:39  Marine  
  40  3:45  Supply Depot  
  40  3:47  Marine  
  41  3:48  SCV  
  41  3:51  SCV  
  43  3:56  Raven  
  43  3:59  Marine  
  43  4:00  SCV  
  47  4:03  SCV  
  47  4:05  Marine  
  47  4:08  Barracks  
  49  4:12  Supply Depot, SCV  
  49  4:15  SCV  
  49  4:17  Marine  
  49  4:20  Engineering Bay  
  49  4:22  Refinery  
  50  4:24  Marine  
  50  4:25  SCV  
  50  4:27  SCV  
  50  4:28  Siege Tank  
  56  4:37  SCV, Barracks  
  57  4:40  Marine  
  57  4:41  SCV  
  57  4:45  Supply Depot  
  59  4:46  Marine  
  59  4:49  SCV  
  61  4:53  SCV  
  61  4:56  Starport Reactor  
  61  4:57  Refinery  
  61  4:59  Marine  
  63  5:06  SCV x2  
  64  5:07  Stimpack  
  64  5:10  Terran Infantry Weapons Level 1  
  64  5:11  Marauder  
  66  5:17  Factory Reactor  
  66  5:18  SCV  
  66  5:19  SCV  
  68  5:26  Command Center  
  68  5:31  SCV  
  68  5:34  Marauder  
  71  5:36  Supply Depot  
  71  5:42  Combat Shield  
  71  5:43  Marauder  
  71  5:48  SCV x2  
  75  5:50  Medivac  
  75  5:51  Supply Depot  
  75  5:53  Barracks  
  75  5:55  Marine  
  75  5:56  Barracks  
  78  5:57  Marine  
  78  5:58  Medivac  
  78  6:02  Supply Depot  
  78  6:03  Widow Mine x2  
  85  6:13  Marauder  
  85  6:14  SCV x2  
  85  6:16  Supply Depot, Marauder  
  85  6:18  Marine  
  94  6:27  Supply Depot  
  94  6:31  Widow Mine  
  98  6:33  Viking x2  
  98  6:34  Widow Mine, Marauder  
  98  6:38  SCV x2  
  98  6:39  Supply Depot  
  104  6:42  Marauder  
  104  6:45  Marine x2  
  108  6:48  Barracks Reactor, Barracks Tech Lab  
  108  6:50  SCV x2  
  108  6:54  Concussive Shells  
  110  6:56  Widow Mine  
  110  6:58  Widow Mine  
  114  7:02  SCV x2  
  114  7:04  Terran Infantry Armor Level 1  
  114  7:05  Supply Depot  
  114  7:08  Orbital Command  
  116  7:14  SCV x2  
  118  7:15  Missile Turret  
  118  7:17  Marauder x2, Marine  
  118  7:20  Medivac  
  125  7:24  Medivac  
  125  7:27  SCV x2  
  129  7:34  SCV, Bunker  
  130  7:39  Sensor Tower, SCV  
  130  7:40  Refinery, Marine  
  130  7:41  Marine  
  130  7:42  Ghost Academy  
  130  7:43  Marine x2  
  137  7:52  Viking  
  137  7:53  Marine  
  137  7:54  Marauder x2, Viking  
  145  7:58  SCV x2  
  145  8:02  Supply Depot x2  
  149  8:05  Widow Mine x2  
  149  8:10  Refinery  
  149  8:12  Engineering Bay  
  149  8:14  Armory  
  149  8:21  Ghost, SCV x3, Marauder  
  149  8:23  Marine x2, Ghost  
  149  8:24  Viking  
  149  8:25  Supply Depot  
  162  8:27  Viking  
  162  8:33  SCV x2  
  166  8:36  Marine  
  167  8:42  Ghost  
  167  8:47  Supply Depot  
  164  8:49  Ghost  
  164  8:51  Ghost  
  164  8:54  Viking  
  155  8:59  Viking, Marine  
  140  9:03  Marine  
  140  9:05  Marine x2  
  140  9:08  SCV  
  136  9:11  Marauder  
  136  9:16  Command Center, Marine  
  138  9:19  Marauder  
  138  9:20  Terran Infantry Armor Level 2  
  138  9:21  Marauder, Marine  
  138  9:22  Terran Infantry Weapons Level 2, Marine  
  145  9:24  Terran Ship Weapons Level 1  
  145  9:28  Marine  
  145  9:31  Widow Mine x2  
  150  9:33  Marauder  
  150  9:34  Marine  
  153  9:39  Marine  
  153  9:41  Missile Turret x2, Medivac  
  153  9:42  Medivac  
  158  9:46  Missile Turret  
  158  9:47  Marauder x2  
  158  9:48  Marine  
  163  9:53  Marine x2  
  163  9:54  Marauder  
  163  9:56  SCV  
  168  10:00  Missile Turret  
  168  10:02  Supply Depot  
  168  10:04  Marine  
  169  10:13  Marine x2  
  173  10:17  Supply Depot  
  173  10:18  Supply Depot  
  173  10:19  Supply Depot, Liberator  
  176  10:23  Liberator  
  179  10:28  Widow Mine  
  179  10:29  Widow Mine  
  179  10:32  Marine  
  179  10:33  Marauder  
  184  10:38  Ghost x2  
  184  10:43  Marine  
  184  10:46  Marine  
  186  10:52  Marine  
  186  10:53  Marine  
  186  10:54  Marauder  
  183  11:02  Liberator  
  183  11:06  Liberator, Ghost x2  
  183  11:08  Marine x2  
  183  11:11  Marine x2  
  189  11:16  Marauder  
  185  11:21  Widow Mine  
  171  11:25  SCV  
  171  11:26  Marine  
  172  11:35  Terran Ship Weapons Level 2  
  172  11:36  Marauder  
  172  11:38  Planetary Fortress  
  172  11:39  Missile Turret  
  176  11:42  Marauder  
  176  11:45  Viking, Sensor Tower  
  178  11:49  Viking  
  178  11:51  Refinery x2  
  178  11:53  Missile Turret  
  180  12:01  Marine x2  
  180  12:02  Marauder x2  
  186  12:14  Barracks x3  
  186  12:15  Viking  
  188  12:21  Viking  
  188  12:24  Marauder  
  190  12:39  SCV x4  
  194  12:45  Viking  
  196  12:51  Viking, SCV x2  
  196  12:58  Supply Depot  
  189  13:16  Command Center  
  189  13:17  Command Center  
  189  13:25  Starport, Ghost  
  197  13:27  Fusion Core  
  197  13:28  SCV  
  197  13:29  Marauder  
  197  13:31  Marine x2  
  197  13:32  Marauder  
  172  13:43  Barracks Tech Lab x2  
  172  13:44  Barracks Tech Lab  
  172  13:45  SCV  
  172  13:46  SCV  
Show
View Real Time Build Order
Export as new Build Order

Spectre Protoss 

Build Orders: 1 Gate Expand, Blink Stalkers, Colossus Rush 

Get SALT Encoding   

  12  0:00  Probe  
  13  0:12  Probe  
  14  0:18  Pylon  
  14  0:24  Probe  
  15  0:32  Probe  
  15  0:37  Gateway  
  15  0:40  Probe  
  16  0:46  Assimilator  
  17  0:51  Probe  
  18  1:03  Probe  
  19  1:15  Probe  
  20  1:25  Cybernetics Core  
  20  1:32  Nexus  
  20  1:37  Pylon  
  20  1:40  Probe  
  20  1:45  Assimilator  
  21  1:52  Probe  
  22  1:54  Adept  
  22  1:57  Pylon  
  22  2:06  Probe  
  25  2:10  Warp Gate  
  25  2:21  Stalker, Probe  
  26  2:28  Shield Battery  
  28  2:33  Probe  
  29  2:43  Twilight Council  
  29  2:45  Probe  
  29  2:48  Probe  
  29  2:50  Blink  
  31  2:56  Probe  
  31  2:58  Probe, Stalker  
  32  3:04  Probe  
  35  3:10  Probe  
  37  3:14  Probe  
  38  3:22  Probe  
  38  3:26  Probe  
  40  3:29  Gateway  
  40  3:34  Probe  
  40  3:38  Probe  
  40  3:41  Robotics Facility  
  42  3:46  Probe  
  43  3:50  Probe  
  44  4:01  Nexus, Stalker  
  46  4:04  Pylon  
  46  4:08  Probe  
  47  4:12  Probe  
  48  4:20  Probe  
  48  4:21  Observer  
  48  4:22  Assimilator  
  49  4:24  Probe, Stalker x2  
  55  4:32  Probe  
  55  4:35  Gateway  
  55  4:36  Probe  
  55  4:37  Gateway  
  57  4:39  Observer  
  57  4:44  Probe  
  59  4:48  Probe  
  59  4:50  Pylon  
  60  4:55  Robotics Bay  
  60  4:57  Charge  
  60  4:58  Pylon  
  61  5:00  Probe  
  61  5:02  Immortal  
  61  5:03  Probe, Shield Battery  
  66  5:15  Probe x3  
  68  5:23  Gateway  
  68  5:27  Probe  
  69  5:30  Probe  
  69  5:31  Colossus  
  69  5:32  Probe  
  69  5:33  Forge  
  69  5:34  Pylon  
  71  5:39  Probe  
  72  5:43  Protoss Ground Armor Level 1  
  72  5:46  Probe x2  
  72  5:49  Pylon  
  80  5:53  Shield Battery  
  80  5:59  Zealot x2  
  80  6:00  Zealot x2  
  80  6:03  Pylon  
  88  6:14  Probe x3  
  88  6:17  Pylon, Colossus  
  91  6:23  Assimilator  
  97  6:27  Gateway  
  97  6:28  Gateway  
  97  6:32  Zealot x3  
  103  6:33  Sentry  
  103  6:34  Probe  
  103  6:35  Probe  
  107  6:40  Probe  
  107  6:46  Stalker  
  110  6:51  Gateway  
  110  6:54  Photon Cannon  
  110  6:55  Pylon  
  110  6:58  Zealot x3  
  116  7:07  Extended Thermal Lance  
  116  7:09  Zealot x2  
  116  7:11  Nexus  
  120  7:16  Colossus  
  120  7:21  Pylon  
  126  7:25  Robotics Facility  
  126  7:27  Protoss Ground Weapons Level 1, Probe  
  126  7:29  Probe x2  
  129  7:31  Photon Cannon  
  129  7:38  Gateway  
  129  7:39  Zealot x2  
  129  7:40  Probe  
  134  7:45  Pylon  
  134  7:50  Probe x2, Pylon  
  136  7:54  Zealot x2  
  140  7:59  Warp Prism  
  140  8:02  Pylon  
  140  8:05  Zealot x4  
  148  8:17  Forge  
  148  8:19  Probe x2  
  150  8:22  Photon Cannon  
  150  8:23  Photon Cannon  
  150  8:25  Zealot x2, Observer  
  150  8:26  Sentry x2  
  158  8:33  Zealot  
  158  8:34  Zealot x2  
  163  8:38  Zealot x2  
  169  8:48  Zealot x2  
  171  8:54  Probe  
  148  8:59  Zealot x2  
  148  9:00  Zealot x4, Protoss Ground Weapons Level 2  
  148  9:01  Protoss Ground Armor Level 2  
  124  9:04  Immortal  
  124  9:06  Immortal  
  95  9:13  Zealot x3  
  105  9:20  Stalker x4  
  105  9:22  Stalker  
  115  9:32  Assimilator  
  115  9:39  Sentry, Zealot x3  
  115  9:42  Colossus  
  115  9:43  Stalker x2  
  115  9:44  Stalker  
  129  9:53  Pylon  
  135  10:07  Zealot x2  
  135  10:08  Zealot x5  
  135  10:13  Photon Cannon  
  149  10:18  Zealot x2  
  153  10:28  Zealot  
  153  10:29  Stalker  
  153  10:30  Stalker x4  
  165  10:38  Probe  
  165  10:39  Probe  
  163  10:44  Zealot x3  
  163  10:48  Probe  
  168  10:52  Probe  
  168  10:54  Zealot x5  
  168  10:55  Zealot  
  169  11:07  Colossus  
  169  11:10  Disruptor, Nexus  
  127  11:28  Zealot  
  127  11:29  Zealot x7  
  127  11:32  Probe  
  143  11:40  Disruptor  
  145  11:48  Photon Cannon  
  145  11:49  Photon Cannon  
  145  11:51  Shield Battery  
  145  11:55  Stalker x3  
  145  11:59  Disruptor  
  151  12:08  Zealot x4  
  157  12:09  Zealot x2, Assimilator  
  165  12:15  Disruptor  
  147  12:26  Stalker x3, Disruptor  
  147  12:28  Zealot x3  
  147  12:29  Zealot  
  165  12:37  Dark Shrine  
  165  12:43  Assimilator  
  163  12:46  Disruptor  
  163  12:51  Assimilator  
  167  12:59  Disruptor  
  167  13:00  Zealot x3  
  167  13:01  Zealot x5  
  167  13:05  Probe  
  120  13:21  Zealot x2, Stalker x2  
  120  13:22  Stalker x4  
  120  13:25  Stalker  
  120  13:26  Probe  
  92  13:43  Zealot x2  
  92  13:46  Stalker, Zealot  
  92  13:47  Zealot x4  
  100  13:56  Zealot  
Tags
 
Add a new tag
Caveats
  • Supply blocks, unpowered buildings, or Contaminate may cause inaccurate times.
  • Supply counts are checked every 10 seconds.